 Dungeon Crawl Stone Soup version 0.29.1-15-g9cfb28693d (webtiles) character file.

Game seed: 13888286859476671065

825 BuddhaDhamma the Cleaver (level 7, -2/57 HPs)
             Began as a Minotaur Berserker on Mar 21, 2023.
             Was a Priest of Trog.
             Slain by a howler monkey (3 damage)
             ... on level 7 of the Dungeon.
             The game lasted 00:06:35 (4383 turns).

BuddhaDhamma the Cleaver (Minotaur Berserker)       Turns: 4383, Time: 00:06:35

Health: -2/57      AC:  8    Str: 24    XL:     7   Next: 64%
Magic:  6/6        EV:  8    Int:  4    God:    Trog [***...]
Gold:   207        SH:  0    Dex:  9    Spells: 6/6 levels left

rFire   . . .      SeeInvis +   o - +0 war axe
rCold   . . .      Faith    .   (no shield)
rNeg    . . .      Spirit   .   k - +0 chain mail
rPois   +          Reflect  .   (helmet restricted)
rElec   .          Harm     .   c - scarf {+Inv}
rCorr   .          Rampage  .   (no gloves)
Will    .....                   (no boots)
Stlth   ..........              (no amulet)
HPRegen 0.19/turn               l - ring of see invisible
MPRegen 0.10/turn               p - ring of poison resistance

@: on berserk cooldown, slowed, very slow
A: horns 2, retaliatory headbutt
a: Renounce Religion, Evoke Invisibility, Berserk, Trog's Hand


You were on level 7 of the Dungeon.
You worshipped Trog.
Trog was most pleased with you.
You visited 1 branch of the dungeon, and saw 7 of its levels.

You collected 207 gold pieces.

Inventory:

Hand Weapons
 o - a +0 war axe (weapon)
Armour
 a - a +0 cloak
 c - a scarf of invisibility (worn)
 k - a +0 chain mail (worn)
Jewellery
 l - a ring of see invisible (left hand)
 p - a ring of poison resistance (right hand)
Scrolls
 b - a scroll of blinking
 d - a scroll of identify
 e - a scroll of amnesia
Potions
 f - 2 potions of haste
 g - a potion of invisibility
 h - 2 potions of heal wounds
 i - a potion of ambrosia
 m - a potion of flight {unknown}


   Skills:
 - Level 3.6 Fighting
 + Level 10.9 Axes
 - Level 2.4 Armour
 - Level 2.1 Dodging


You had 6 spell levels left.
You didn't know any spells.
Your spell library was empty.

Dungeon Overview and Level Annotations

Branches:
Dungeon (8/15)             Temple (0/1) D:5
   Lair: D:8-11

Altars:
Makhleb

Annotations:
D:3 3 runed translucent doors, 123deadman's ghost, weakling TrBe


Innate Abilities, Weirdness & Mutations

You have a pair of horns on your head.
You reflexively headbutt those who attack you in melee.


Message History

Trog accepts your kill.
The gnoll sergeant hits you but does no damage.
You slash the gnoll sergeant!
The gnoll sergeant is moderately wounded.
You completely miss the howler monkey.
The howler monkey hits you but does no damage.
The gnoll sergeant hits you with a +0 spear!
* * * LOW HITPOINT WARNING * * *
You slash the gnoll sergeant!
You headbutt the gnoll sergeant, but do no damage.
The gnoll sergeant is heavily wounded.
You barely miss the howler monkey.
The howler monkey hoots and howls with incredible vigour!
The howler monkey hits you.
* * * LOW HITPOINT WARNING * * *
The gnoll sergeant hits you but does no damage.
The howler monkey hits you but does no damage.
You hear a howl!
You hear an angry hiss.
You closely miss the gnoll sergeant.
The gnoll sergeant is heavily wounded.
You slash the howler monkey! You barely miss the howler monkey.
The gnoll sergeant barely misses you. You furiously retaliate!
You headbutt the gnoll sergeant.
The howler monkey hits you but does no damage. x2
The gnoll sergeant hits you with a +0 spear.
* * * LOW HITPOINT WARNING * * *
You slash the gnoll sergeant!
The gnoll sergeant is almost dead.
You hit the howler monkey. x2; The howler monkey barely misses you.
The howler monkey hits you but does no damage. x2
The gnoll sergeant hits you but does no damage.
The howler monkey hoots and howls with incredible vigour!
You slash the gnoll sergeant!
You kill the gnoll sergeant!
Trog accepts your kill.
You closely miss the howler monkey.
You hit the howler monkey but do no damage.
The howler monkey hoots and howls with incredible vigour!
The howler monkey closely misses you. The howler monkey hits you.
You die...

## #(##
###.###.######.### ##
.[................ .
###.#...##.###.### .#
####...###># #.# ##.
.......# #.# #.# ..
.>.....###.# #.# .#
...........###.##h###.##
.#####.......)))@)......
.# #####.######h###.##
.# #.# .# .# #.# .# .#
#.# .# .# ... .# #.. ..
#.# ##


You could see 2 howler monkeys.

Vanquished Creatures
  An ice beast (D:5)
  An ogre (D:5)
  A phantom (D:4)
  A gnoll sergeant (D:7)
  A scorpion (D:4)
  A howler monkey (D:7)
  3 hounds (D:4)
  2 orc priests (D:4)
  A gnoll bouda (D:8)
  2 orc wizards (D:4)
  7 adders
  8 gnolls
  A shadow imp (D:5)
  3 worms
  2 dart slugs
  6 orcs
  6 bats
  5 endoplasms
  A giant cockroach (D:3)
  8 goblins
  9 hobgoblins
  2 jackals (D:2)
  A quokka (D:1)
  12 ball pythons
  A frilled lizard (D:1)
  2 kobolds
  2 rats
90 creatures vanquished.

Vanquished Creatures (others)
  An orc wizard (D:4)
1 creature vanquished.

Grand Total: 91 creatures vanquished

Notes
Turn   | Place    | Note
-------+----------+-------------------------------------------
     0 | D:1      | BuddhaDhamma the Minotaur Berserker began the quest for the
                  | Orb.
     0 | D:1      | Reached XP level 1. HP: 19/19 MP: 0/0
   283 | D:1      | Reached skill level 4 in Axes
   696 | D:1      | Reached XP level 2. HP: 26/26 MP: 1/1
  1112 | D:2      | Reached skill level 5 in Axes
  1112 | D:2      | Reached XP level 3. HP: 24/31 MP: 2/2
  1192 | D:2      | Found a faded altar of an unknown god.
  1236 | D:2      | Reached ** piety under Trog
  1443 | D:2      | Reached XP level 4. HP: 36/39 MP: 3/3
  1501 | D:2      | Reached skill level 6 in Axes
  2117 | D:3      | Noticed 123deadman's ghost (weakling TrBe)
  2295 | D:3      | Found a runed translucent gate.
  2295 | D:3      | Found a runed translucent gate.
  2295 | D:3      | Found a runed translucent gate.
  2764 | D:4      | Noticed a scorpion
  2770 | D:4      | Killed a scorpion
  2771 | D:4      | Reached skill level 7 in Axes
  2771 | D:4      | Reached XP level 5. HP: 45/45 MP: 4/4
  2916 | D:4      | Noticed a phantom
  2925 | D:4      | Killed a phantom
  2956 | D:4      | Reached skill level 8 in Axes
  2958 | D:4      | Reached XP level 6. HP: 46/51 MP: 5/5
  3509 | D:4      | Reached skill level 9 in Axes
  3637 | D:4      | Found a burning altar of Makhleb.
  3781 | D:5      | Entered Level 5 of the Dungeon
  3781 | D:5      | Noticed an ice beast
  3784 | D:5      | Killed an ice beast
  3785 | D:5      | Reached XP level 7. HP: 57/57 MP: 6/6
  3943 | D:5      | Reached skill level 10 in Axes
  4033 | D:5      | Found a staircase to the Ecumenical Temple.
  4195 | D:5      | You fall into a shaft and drop 3 floors!
  4381 | D:7      | HP: 1/57 [gnoll sergeant/+0 spear (4)]
  4383 | D:7      | Reached *** piety under Trog
  4383 | D:7      | Slain by a howler monkey

Illustrated notes

Levels and vault maps discovered:
D:1:      dpeg_arrival_morbid_curiosity, layout_basic
D:2:      layout_loops_ring, nicolae_ecumenical_snake_handling
D:3:      layout_basic, gammafunk_ghost_icy
D:4:      layout_basic, makhleb_heckhound_becter, serial_corexii_hall,
          chequers_hall_statues_y, corexii_hall_statues_t
D:5:      layout_layer_cave, minmay_temple_entry_grid, item_on_display_a
D:7:      layout_loops_ring, kennysheep_slug_shrine,
          nicolae_ru_great_annihilating_truth, enter_bailey_5
D:8:      layout_loops_cross, grunt_lair_entry_orc_guard_hut, serial_shops,
          nicolae_shop_crystal, uniq_joseph

Skill      XL: |  1  2  3  4  5  6  7 |
---------------+----------------------+-----
Axes           | 4 5 7 8 9 10 | 10.9
Fighting       | |  3.6
Armour         | |  2.4
Dodging        | |  2.1

Action                   |  1- 3 |  4- 6 |  7- 9 || total
-------------------------+-------+-------+-------++-------
Melee: Hand axe          |    52 |    76 |       ||   128
       Headbutt          |     7 |    16 |     9 ||    32
       Punch             |       |     1 |     1 ||     2
       War axe           |       |    35 |    33 ||    68
Invok: Berserk           |       |     3 |     1 ||     4
  Use: Scroll            |       |     9 |       ||     9
Armor: Animal skin       |     1 |       |       ||     1
       Ring mail         |    23 |       |       ||    23
       Chain mail        |       |    35 |    23 ||    58
Dodge: Dodged            |    46 |    51 |    22 ||   119
